 Dungeon Crawl Stone Soup version 0.17-a0-119-g2b06fc5 (webtiles) character file.

37629 aronpayne the Bludgeoner (level 13, -1/177 HPs)
             Began as a Minotaur Berserker on Mar 20, 2015.
             Was the Champion of Trog.
             Slain by a trapdoor spider (6 damage)
             ... on level 3 of the Spider Nest.
             The game lasted 01:11:19 (12221 turns).

aronpayne the Bludgeoner (Minotaur Berserker)      Turns: 12221, Time: 01:11:19

Health: -1/177     AC: 13    Str: 31    XL:     13   Next: 59%
Magic:  1/1        EV: 15    Int:  4    God:    Trog [******]
Gold:   839        SH:  0    Dex: 11    Spells: 0 memorised, 12 levels left

rFire  . . .     SeeInvis +     M - +2 great mace (antimagic)
rCold  . . .     Clarity  .     x - +1 scale mail (curse)
rNeg   . . .     SustAb   .     (no shield)
rPois  .         Gourm    .     (helmet restricted)
rElec  .         Spirit   .     (no cloak)
rCorr  .         Warding  .     p - +2 pair of gloves
rMut   .         Stasis   .     (no boots)
MR     +++..                    z - amulet of faith
Stlth  ..........               r - ring of protection from magic
                                y - ring of see invisible

@: berserking (expiring), lethally poisoned (-1 -> -2), regenerating, very
quick, extremely resistant to hostile enchantments, extremely unstealthy
A: retaliatory headbutt, horns 2
a: Burn Spellbooks, Berserk, Trog's Hand, Brothers in Arms, Renounce Religion


You were on level 3 of the Spider Nest.
You worshipped Trog.
Trog was exalted by your worship.
You were not hungry.

You visited 3 branches of the dungeon, and saw 14 of its levels.
You also visited: Sewer.

You collected 839 gold pieces.

Inventory:

Hand weapons
 j - the +10 dagger "Psi Pnur" {antimagic, rPois Str+4 Dex-3 SInv}
   (You found it on level 4 of the Dungeon)

   It disrupts the flow of magical energy around spellcasters and certain
   magical creatures (including the wielder).
   It affects your strength (+4).
   It affects your dexterity (-3).
   It protects you from poison.
   It enhances your eyesight.
 F - the +3 trident of Beogh {pierce, MR+}
   (You found it on level 2 of the Spider Nest)

   It inflicts extra damage upon your enemies.
   It affects your resistance to hostile enchantments.
 M - a +2 antimagic great mace (weapon)
 Q - a +7 antimagic dire flail
Missiles
 w - 4 tomahawks of returning (quivered)
Armour
 p - a +2 pair of gloves (worn)
 x - a cursed +1 scale mail (worn)
Jewellery
 a - an uncursed ring of positive energy
 b - an uncursed ring of ice
 o - an uncursed ring of teleportation
 q - an uncursed ring of teleport control
 r - a ring of protection from magic (right hand)
 s - an uncursed ring of flight
 y - a ring of see invisible (left hand)
 z - an amulet of faith (around neck)
Magical devices
 d - a wand of disintegration (13)
 C - a wand of confusion (26)
Scrolls
 k - 2 scrolls of magic mapping
 l - a scroll of fog
 m - 2 scrolls of immolation {unknown}
 n - 12 scrolls of identify
 t - 3 scrolls of remove curse
 B - a scroll of blinking
 D - a scroll of random uselessness {unknown}
 H - a scroll of vulnerability {unknown}
 L - a scroll of torment {unknown}
 O - a scroll of teleportation
Potions
 e - a potion of brilliance {unknown}
 f - 3 potions of might {unknown}
 h - 3 potions of heal wounds
 i - 4 potions of curing
 u - a potion of lignification {unknown}
 v - 2 potions of invisibility {unknown}
 A - 2 potions of poison {unknown}
 E - 3 potions of berserk rage {unknown}
 G - a potion of restore abilities {unknown}
 I - a potion of agility {unknown}
 J - a potion of magic {unknown}
 K - 2 potions of ambrosia {unknown}
 P - a potion of cancellation {unknown}
 S - a potion of haste {unknown}
Miscellaneous
 T - a lantern of shadows
Comestibles
 c - 10 bread rations
 g - 6 fruits


   Skills:
 + Level 12.1 Fighting
 - Level 3.1 Short Blades
 * Level 18.4 Maces & Flails
 + Level 11.9 Armour
 + Level 10.4 Dodging
 - Level 0.3 Stealth
   Level 2.1 Shields


You had 12 spell levels left.
You didn't know any spells.

Dungeon Overview and Level Annotations

Branches:
Dungeon (8/15)             Temple (0/1) D:4            Lair (3/8) D:8
 Spider (3/5) Lair:3
  Swamp: Lair:3-6    Shoals: Lair:3-6

Altars:
Cheibriados
Kikubaaqudgha
Makhleb
Ru
Zin
The Shining One


Innate Abilities, Weirdness & Mutations

You reflexively headbutt those who attack you in melee.
You have a pair of horns on your head.


Message History

You thump the trapdoor spider!
The trapdoor spider is moderately wounded.
The trapdoor spider misses you.
You thump the trapdoor spider!!
You kill the trapdoor spider!
Trog accepts your kill.
A trapdoor spider leaps out from its hiding place under the floor!
The trapdoor spider bites you!
* * * LOW HITPOINT WARNING * * *
You completely miss the trapdoor spider.
You hit the trapdoor spider!
The trapdoor spider is moderately wounded.
The trapdoor spider bites you!
* * * LOW HITPOINT WARNING * * *
You are poisoned.
The trapdoor spider poisons you!
You barely miss the trapdoor spider. You headbutt the trapdoor spider.
The trapdoor spider is moderately wounded.
You feel sick. The trapdoor spider bites you.
You die...

... ..# .....#
....^###.#....
#.............
$.....(.#...s.
.......^†%..... ..#
......#............
.........#.s##.....^
..#.......#†@.....#
?..........†.....##
$.............####
..#.#%##.....## ..
##....#### ...
#.......## .
.^<.....#<...#
#..........#.#
......#....(..#


You could see an orb spider and a trapdoor spider.

Vanquished Creatures
  Rupert (Lair:3)
  Snorg (Lair:3)
  2 hydras
  3 hornets
  10 orb spiders
  15 wolf spiders
  A queen ant (Lair:2)
  2 komodo dragons
  3 spiny frogs
  19 jumping spiders
  4 demonic crawlers
  3 blink frogs (Lair:3)
  7 trapdoor spiders
  2 basilisks (D:8)
  7 redbacks
  A spriggan (D:7)
  4 tarantellas
  21 yaks
  Eustachio (D:7)
  3 hippogriffs
  4 water moccasins
  Menkaure (D:4)
  20 soldier ants (Lair:2)
  8 porcupines
  3 phantoms
  2 orc warriors
  12 spiders
  2 sky beasts
  2 centaurs (D:7)
  An ogre (D:7)
  Duvessa (D:4)
  5 crocodiles
  6 giant frogs
  5 scorpions
  A lava snake (Lair:2)
  Dowan (D:4)
  2 crimson imps
  2 goliath beetles
  An electric eel (Lair:2)
  A gnoll shaman (D:4)
  4 hounds
  A centaur skeleton (D:4)
  4 iguanas
  An orc priest (D:8)
  4 orc wizards
  24 worker ants
  A mummy (D:7)
  2 hound skeletons
  A worker ant zombie (D:6)
  18 adders
  7 gnolls
  2 shadow imps
  12 river rats
  12 giant mites
  5 worms
  2 adder skeletons
  15 giant geckos
  13 oozes
  21 orcs
  11 bats
  A bat skeleton (D:7)
  A bat zombie (D:4)
  20 giant cockroaches
  11 goblins
  13 hobgoblins
  15 jackals
  9 quokkas
  6 ball pythons
  18 giant newts
  13 kobolds
  7 rats
  A ballistomycete (D:7)
  A butterfly (Lair:3)
  A fungus (D:6)
  A plant (Lair:3)
468 creatures vanquished.

Vanquished Creatures (collateral kills)
  An orb spider (Spider:3)
1 creature vanquished.

Vanquished Creatures (others)
  A troll (Spider:3)
  2 orc priests (D:7)
  An orc (D:7)
  3 giant spores
  2 fungi
  A plant (D:8)
10 creatures vanquished.

Grand Total: 479 creatures vanquished

Notes
Turn   | Place    | Note
--------------------------------------------------------------
     0 | D:1      | aronpayne, the Minotaur Berserker, began the quest for the Orb.
     0 | D:1      | Reached XP level 1. HP: 19/19 MP: 1/1
   151 | D:1      | Reached skill level 4 in Maces & Flails
   224 | D:1      | Reached XP level 2. HP: 27/27 MP: 1/1
   548 | D:1      | Acquired Trog's second power
   616 | D:2      | Found a sacrificial altar of Ru.
   627 | D:2      | Reached XP level 3. HP: 20/33 MP: 2/2
   704 | D:2      | Reached XP level 4. HP: 13/41 MP: 2/2
   944 | D:2      | Found a burning altar of Makhleb.
  1375 | D:3      | Found an ancient bone altar of Kikubaaqudgha.
  1728 | D:3      | Reached XP level 5. HP: 30/47 MP: 2/2
  1729 | D:3      | Reached skill level 5 in Fighting
  1825 | D:3      | Reached skill level 5 in Maces & Flails
  1935 | D:4      | Noticed Menkaure
  1940 | D:4      | Killed Menkaure
  1940 | D:4      | Reached XP level 6. HP: 56/56 MP: 3/3
  2077 | D:4      | Noticed Duvessa
  2077 | D:4      | Noticed Dowan
  2086 | D:4      | Killed Duvessa
  2098 | D:4      | Killed Dowan
  2425 | D:4      | Reached XP level 7. HP: 61/61 MP: 3/3
  2436 | D:4      | Found a staircase to the Ecumenical Temple.
  2489 | D:4      | Reached skill level 6 in Maces & Flails
  2593 | D:4      | Reached skill level 5 in Dodging
  2606 | D:4      | Acquired Trog's third power
  2636 | D:4      | Got an encrusted dagger
  2637 | D:4      | Identified the +10 dagger "Psi Pnur" {antimagic, rPois Str+4 Dex-3 SInv} (You found it on level 4 of the Dungeon)
  3013 | D:4      | Found a glowing golden altar of the Shining One.
  3351 | D:5      | Entered Level 5 of the Dungeon
  3403 | D:5      | Reached skill level 5 in Armour
  3442 | D:5      | Reached skill level 1 in Short Blades
  3442 | D:5      | Reached skill level 1 in Shields
  3451 | D:5      | Found a snail-covered altar of Cheibriados.
  3582 | D:5      | Found a glowing drain.
  3596 | Sewer    | Entered a sewer
  3716 | Sewer    | Received a gift from Trog
  3732 | Sewer    | Reached XP level 8. HP: 70/70 MP: 1/3
  3783 | Sewer    | Received a gift from Trog
  4310 | D:5      | Received a gift from Trog
  4657 | D:6      | Found a glowing golden altar of the Shining One.
  4830 | D:6      | Reached skill level 7 in Maces & Flails
  4893 | D:7      | Noticed Eustachio
  4904 | D:7      | Killed Eustachio
  5155 | D:7      | Reached XP level 9. HP: 70/78 MP: 1/4
  5314 | D:7      | Reached skill level 8 in Maces & Flails
  6029 | D:8      | Received a gift from Trog
  6031 | D:8      | Reached skill level 9 in Maces & Flails
  6056 | D:8      | Reached skill level 10 in Maces & Flails
  6058 | D:8      | Reached XP level 10. HP: 47/86 MP: 1/4
  6197 | D:8      | Found a staircase to the Lair.
  6218 | D:8      | Paralysed by an orc for 4 turns
  6222 | D:8      | Paralysed by an orc for 7 turns
  6269 | Lair:1   | Entered Level 1 of the Lair of Beasts
  6312 | Lair:1   | Reached skill level 11 in Maces & Flails
  6627 | Lair:1   | Reached skill level 12 in Maces & Flails
  6627 | Lair:1   | Reached skill level 10 in Armour
  7245 | Lair:2   | Noticed a six-headed hydra
  7253 | Lair:2   | Killed a six-headed hydra
  7391 | Lair:2   | Found a glowing silver altar of Zin.
  7432 | Lair:2   | Reached XP level 11. HP: 78/95 MP: 1/4
  7502 | Lair:2   | Received a gift from Trog
  7653 | Lair:2   | Reached skill level 13 in Maces & Flails
  7709 | Lair:2   | Received a gift from Trog
  8068 | Lair:2   | Reached skill level 14 in Maces & Flails
  8493 | Lair:3   | Noticed Rupert
  8512 | Lair:3   | Killed Rupert
  8512 | Lair:3   | Reached skill level 10 in Fighting
  8512 | Lair:3   | Reached skill level 15 in Maces & Flails
  8587 | Lair:3   | Reached XP level 12. HP: 70/106 MP: 1/5
  8703 | Lair:3   | Noticed a four-headed hydra
  8708 | Lair:3   | Killed a four-headed hydra
  8789 | Lair:3   | Noticed Snorg
  8800 | Lair:3   | Killed Snorg
  8978 | Lair:3   | Found a hole to the Spider Nest.
  8990 | Spider:1 | Entered Level 1 of the Spider Nest
  9007 | Spider:1 | Reached skill level 16 in Maces & Flails
  9236 | Spider:1 | Received a gift from Trog
  9848 | Spider:1 | Reached skill level 17 in Maces & Flails
 10494 | Spider:2 | Reached XP level 13. HP: 116/116 MP: 1/5
 10707 | Spider:2 | Got a twisted trident
 10708 | Spider:2 | Identified the +3 trident of Beogh {pierce, MR+} (You found it on level 2 of the Spider Nest)
 10756 | Spider:2 | Received a gift from Trog
 11304 | Spider:2 | Reached skill level 10 in Dodging
 11308 | Spider:2 | Reached skill level 18 in Maces & Flails
 12175 | Spider:3 | Received a gift from Trog
 12220 | Spider:3 | HP: 5/177 [trapdoor spider (9)]
 12221 | Spider:3 | Slain by a trapdoor spider

Action                   |  1- 3 |  4- 6 |  7- 9 | 10-12 | 13-15 || total
-------------------------+-------+-------+-------+-------+-------++-------
Melee: Mace              |    80 |    40 |       |       |       ||   120
       Morningstar       |       |    50 |    20 |       |       ||    70
       Flail             |       |    10 |       |       |       ||    10
       Dagger            |       |       |   221 |       |       ||   221
       Dire flail        |       |       |   130 |   360 |    81 ||   571
       Great mace        |       |       |       |       |    20 ||    20
Throw: Tomahawk          |       |       |     3 |       |       ||     3
Invok: Berserk           |       |     1 |       |     4 |     1 ||     6
       Trog's Hand       |       |       |       |     8 |     1 ||     9
       Burn Spellbooks   |       |       |       |     1 |       ||     1
       Brothers in Arms  |       |       |       |       |     1 ||     1
  Use: Scroll            |       |     4 |    10 |       |       ||    14
       Potion            |       |       |       |       |     1 ||     1
  Eat: Chunk             |       |     3 |     2 |     5 |       ||    10
       Bread ration      |       |     1 |       |       |       ||     1
       Beef jerky        |       |       |     5 |       |     2 ||     7
       Meat ration       |       |       |     1 |     2 |       ||     3
       Royal jelly       |       |       |       |     1 |       ||     1
       Fruit             |       |       |       |       |     1 ||     1
